 Dungeon Crawl Stone Soup version 0.14-a0-1663-g0b35444 (webtiles) character file.

187 Nicoed the Chopper (level 4, -1/41 HPs)
             Began as a Minotaur Berserker on Dec 29, 2013.
             Was an Initiate of Okawaru.
             Slain by an orc
             ... wielding a -1,+0 orcish anti-magic flail
              (8 damage)
             ... on Level 3 of the Dungeon.
             The game lasted 00:07:56 (2529 turns).

Nicoed the Chopper (Minotaur Berserker)             Turns: 2529, Time: 00:07:56

HP  -1/41        AC  7     Str 20 (23) XL: 4   Next: 42%
MP   1/2         EV 10     Int  4      God: Okawaru [......]
Gold 90          SH  0     Dex  9      Spells:  0 memorised,  3 levels left

rFire  + . .     SeeInvis .     a - +0 hand axe
rCold  . . .     Clarity  .     j - +1 ring mail
rNeg   . . .     Conserve .     (no shield)
rPois  .         rCorr    .     (helmet restricted)
rElec  .         rRot     .     (no cloak)
SustAb . .       Spirit   .     f - +0 pair of gloves
rMut   .         Warding  .     (no boots)
Saprov . . .     Stasis   .     (no amulet)
                                (no ring)
                                h - ring of protection from fire {unknown}

@: slightly resistant to hostile enchantments, extremely unstealthy
A: retaliatory headbutt, horns 2, breathe flames 1
a: Renounce Religion, Breathe Fire


You were on level 3 of the Dungeon.
You worshipped Okawaru.
Okawaru was noncommittal.
You were hungry.

You visited 1 branch of the dungeon, and saw 3 of its levels.

You collected 90 gold pieces.

Inventory:

Hand weapons
 a - a +0,+0 hand axe (weapon)
Armour
 f - a +0 pair of gloves (worn)
 j - a +1 ring mail (worn)
Comestibles
 c - 4 bread rations
 d - a choko
 m - an apple
Scrolls
 e - a scroll of recharging
 g - a scroll of random uselessness {unknown}
 l - a scroll of remove curse {unknown}
 n - a scroll of teleportation {unknown}
 o - a scroll of blinking {unknown}
 r - a scroll of enchant weapon II {unknown}
 s - a scroll of fear {unknown}
Jewellery
 h - a ring of protection from fire (left hand) {unknown}
Potions
 p - a potion of lignification {unknown}


   Skills:
 + Level 4.6 Fighting
 + Level 4.8 Axes
 + Level 2.8 Armour
 + Level 3.1 Dodging
 + Level 0.1 Stealth


You had 3 spell levels left.
You didn't know any spells.

Dungeon Overview and Level Annotations

Branches:
Dungeon (3/16)

Altars:
Okawaru
Vehumet


Innate Abilities, Weirdness & Mutations

You reflexively headbutt those who attack you in melee.
You have a pair of horns on your head.
You can breathe flames.


Message History

* * * LOW HITPOINT WARNING * * *
The orc hits you but does no damage.
The orc wizard casts a spell.
The orc wizard blinks!
The orc wizard gestures wildly while chanting.
The orc wizard seems to speed up.
Your throat feels hot.
You feel fantastic!
It was a potion of beneficial mutation.
The orc hits you but does no damage. The orc hits you with an orcish mace.
* * * LOW HITPOINT WARNING * * *
There was something very wrong with that liquid!
You feel weakened.
It was a potion of degeneration.
The orc hits you with an orcish dagger.
* * * LOW HITPOINT WARNING * * *
The orc closely misses you. The orc hits you with an orcish mace.
* * * LOW HITPOINT WARNING * * *
You feel better.
It was a potion of curing.
The orc barely misses you. You furiously retaliate!
You headbutt the orc.
The orc hits you with an orcish anti-magic flail!
You die...

#...###.....#...#.#.#..#
#.................###..#
#...###..#..#...#.. ...
#...# #..#..#....... ..
#...# #............
#...# #.....#... #...#
#.........
#...###.....#...
####...##.@........
#........ooo.......
####.$....o........
#...............
#.......[.......
.....##.......... .#.#.
#..#....#. ..#.
#.......# .. ..........


You could see an orc wizard and 3 orcs.

Vanquished Creatures
  2 adders (D:2)
  A giant mite (D:2)
  3 giant geckos
  6 orcs (D:3)
  4 giant cockroaches
  6 goblins
  10 hobgoblins
  6 jackals
  A ball python (D:1)
  A bat (D:1)
  A giant newt (D:1)
  10 kobolds
  8 rats
59 creatures vanquished.

Notes
Turn   | Place    | Note
--------------------------------------------------------------
     0 | D:1      | Nicoed, the Minotaur Berserker, began the quest for the Orb.
     0 | D:1      | Reached XP level 1. HP: 19/19 MP: 1/1
   355 | D:1      | Reached skill level 4 in Axes
   371 | D:1      | Reached XP level 2. HP: 17/27 MP: 1/1
  1012 | D:1      | Acquired Trog's second power
  1283 | D:1      | Reached XP level 3. HP: 31/33 MP: 2/2
  1751 | D:2      | Reached XP level 4. HP: 36/41 MP: 2/2
  2065 | D:2      | Found an iron altar of Okawaru.
  2065 | D:2      | Found a radiant altar of Vehumet.
  2203 | D:2      | Fell from the grace of Trog
  2203 | D:2      | Became a worshipper of Warmaster Okawaru
  2516 | D:3      | Gained mutation: You have a somewhat thin skeletal structure (Dex +2, Stlth). [potion of mutation]
  2516 | D:3      | Gained mutation: Space occasionally distorts in your vicinity. [potion of mutation]
  2516 | D:3      | Gained mutation: You are frail (-10% HP). [potion of mutation]
  2522 | D:3      | Lost mutation: You are frail (-10% HP). [potion of cure mutation]
  2522 | D:3      | Lost mutation: You have a somewhat thin skeletal structure (Dex +2, Stlth). [potion of cure mutation]
  2522 | D:3      | Lost mutation: Space occasionally distorts in your vicinity. [potion of cure mutation]
  2527 | D:3      | Gained mutation: You can breathe flames. [potion of beneficial mutation]
  2528 | D:3      | HP: 2/41 [orc/orcish mace (1)]
  2529 | D:3      | Slain by an orc

Action                   |  1- 3 |  4- 6 || total
-------------------------+-------+-------++-------
Melee: Hand axe          |    94 |    46 ||   140
  Use: Potion            |       |     5 ||     5
       Scroll            |       |     3 ||     3
